 Dungeon Crawl Stone Soup version 0.32-a0-485-g70f7560b1c (webtiles) character file.

Game seed: 12521599769765760003

168 ytrimaz the Digger (level 5, 0/31 HPs)
             Began as an Octopode Earth Elementalist on Feb 27, 2024.
             Slain by a ribbon worm (7 damage)
             ... on level 3 of the Dungeon.
             The game lasted 00:05:23 (2484 turns).

ytrimaz the Digger (Octopode Earth Elementalist)    Turns: 2484, Time: 00:05:23

Health: 0/31       AC:  1    Str:  8    XL:     5   Next: 49%
Magic:  2/9        EV:  7    Int: 19    God:
Gold:   87         SH:  0    Dex: 12    Spells: 2/10 levels left

rFire   . . .        (no weapon)
rCold   + . .        (no shield)
rNeg    . . .        (helmet restricted)
rPois   +            (no amulet)
rElec   .            h - ring of protection from cold
rCorr   .            (no ring)
SInv    .            (no ring)
Will    .....        (no ring)
Stlth   +++          (no ring)
HPRegen 0.25/turn    (no ring)
MPRegen 0.11/turn    (no ring)
                     (no ring)

%: no passive effects
@: held
A: almost no armour, amphibious, 8 rings, camouflage 1, gelatinous body 1,
(nimble swimmer 1), tentacles, poison resistance, inability to drink after
injury 1, inability to read after injury 1
a: no special abilities


You were on level 3 of the Dungeon.
You visited 1 branch of the dungeon, and saw 3 of its levels.

You collected 99 gold pieces.
You spent 12 gold pieces at shops.


Innate Abilities, Weirdness & Mutations

You cannot wear most types of armour.
You are amphibious.
You can wear up to eight rings at the same time.
Your skin changes colour to match your surroundings (Stealth+).
Your rubbery body absorbs attacks. (AC +1, EV +1)
((You are camouflaged when in or above water. (Stealth+)))
You have tentacles for arms and can constrict up to eight enemies at once.
Your system is resistant to poisons. (rPois)
You occasionally lose the ability to drink potions when taking damage.
You occasionally lose the ability to read scrolls when taking damage.


   Skills:
 - Level 2.0 Dodging
 - Level 2.6 Stealth
 + Level 3.1 Spellcasting
 + Level 2.1 Conjurations
 * Level 4.9 Earth Magic


You had 2 spell levels left.
You knew the following spells:

 Your Spells              Type           Power      Damage    Failure   Level
a - Sandblast             Erth           42%        2d11      1%          1
b - Stone Arrow           Conj/Erth      32%        3d9       11%         3
c - Brom's Barrelling Bo  Conj/Erth      16%        2d4       34%         4

Your spell library contained the following spells:

 Spells                   Type           Power      Damage    Failure   Level
 Passwall                 Erth           21%        N/A       6%          3
 Call Canine Familiar     Summ           3%         N/A       41%         3
 Sigil of Binding         Hex            3%         N/A       41%         3
 Petrify                  Alch/Erth      12%        N/A       50%         4
 Dimensional Bullseye     Hex/Tloc       1%         N/A       83%         4

Inventory:

Jewellery
 h - a ring of protection from cold (left tentacle)
   (You found it on level 2 of the Dungeon)
Talismans
 b - a maw talisman
   (You found it on level 1 of the Dungeon)
Scrolls
 c - 2 scrolls of teleportation
 d - a scroll of identify
 i - a scroll of blinking

Dungeon Overview and Level Annotations

Branches:
Dungeon (3/15) Zot: 15478

Altars:
Wu Jian
Xom

Shops:
D:1 !

Annotations:
D:3 Ijyb

.### #..# ...# #.## .#.#
###############.#######
.#.##......................#
...g#......................#
...........................#
.####......................#
## ..
.................)....# #.
.. ...........@..........#
#. ..........wg..........#
#. ......................#
#) ...................... #.
..................... #.
................ #.
............... #.
...........>... #. ##


You could see Ijyb and a ribbon worm.


Message History

😎 MP[+7]
Your mp is fully restored (9).
Ijyb is nearby!
Ijyb is nearby!
Found an escape hatch in the floor.
A ribbon worm comes into view.
The blast of sand hits Ijyb.
Ijyb zaps a wand.
You suddenly lose the ability to move!
You can move again. 😎 MP[-1]
You lost 1 mp, and now have 8/9 mp.
Casting: Sandblast (safe; 1% risk of failure)
Confirm with . or Enter, or press ? or * to list all spells.
Aiming: Stone Arrow (quite dangerous; 11% risk of failure)
Press: ? - help, Shift-Dir - straight line, f/p - Ijyb
Aim: Ijyb, wielding a +0 dagger, wearing a +0 ring mail and carrying a wand of paralysis (lightly wounded, 64% to hit)
The stone arrow hits Ijyb!
Ijyb zaps a wand.
You shrug off the repeated paralysis! 😎 MP[-3]
You lost 3 mp, and now have 5/9 mp.
Unknown command.
Unknown command.
Aiming: Sandblast (safe; 1% risk of failure)
Press: ? - help, Q - select action Shift-Dir - straight line, f/p - Ijyb
Aim: Ijyb, wielding a +0 dagger, wearing a +0 ring mail and carrying a wand of paralysis (severely wounded, 81% to hit)
The blast of sand hits Ijyb but does no damage.
The ribbon worm expels a string of sticky webbing.
The stream of webbing hits you but does no damage.
You are caught in a web!
Ijyb zaps a wand.
You resist with some effort. 😎 MP[-1]
You lost 1 mp, and now have 4/9 mp.
Unknown command.
Aiming: Sandblast (safe; 1% risk of failure)
Press: ? - help, Q - select action Shift-Dir - straight line, f/p - Ijyb
Aim: Ijyb, wielding a +0 dagger, wearing a +0 ring mail and carrying a wand of paralysis (severely wounded, 81% to hit)
The blast of sand hits Ijyb but does no damage.
Ijyb hits you with a +0 dagger. Ijyb barely misses you.
The ribbon worm expels a string of sticky webbing.
The stream of webbing hits you but does no damage.
You are even more entangled. 😕 HP[-4] MP[-1]
You take 4 damage, and now have 27/31 hp.
You lost 1 mp, and now have 3/9 mp.
Unknown command.
The web tears apart.
Ijyb zaps a wand.
You resist with some effort. 😕 MP[+1] Unknown command.
Aiming: Sandblast (safe; 1% risk of failure)
Press: ? - help, Q - select action Shift-Dir - straight line, f/p - Ijyb
Aim: Ijyb, wielding a +0 dagger, wearing a +0 ring mail and carrying a wand of paralysis (severely wounded, 81% to hit)
The blast of sand hits Ijyb.
Ijyb zaps a wand.
You suddenly lose the ability to move!
Ijyb zaps a wand.
You shrug off the repeated paralysis!
The ribbon worm bites you! Ijyb hits you with a +0 dagger.
Ijyb barely misses you.
The ribbon worm expels a string of sticky webbing.
The stream of webbing hits you but does no damage.
You are caught in a web!
Ijyb zaps a wand.
You shrug off the repeated paralysis!
The ribbon worm bites you.
* * * LOW HITPOINT WARNING * * *
You can move again. 😨 HP[-15] MP[-1]
You take 15 damage, and now have 12/31 hp.
MASSIVE DAMAGE!! (PAUSE)
You lost 1 mp, and now have 3/9 mp.
Aiming: Sandblast (safe; 1% risk of failure)
Press: ? - help, Q - select action Shift-Dir - straight line, f/p - Ijyb
Aim: Ijyb, wielding a +0 dagger, wearing a +0 ring mail and carrying a wand of paralysis (almost dead, 81% to hit)
The blast of sand misses Ijyb.
Ijyb zaps a wand.
You shrug off the repeated paralysis!
The ribbon worm barely misses you. Ijyb hits you with a +0 dagger.
* * * LOW HITPOINT WARNING * * *
😨 HP[-4] MP[-1]
You take 4 damage, and now have 8/31 hp.
You lost 1 mp, and now have 2/9 mp.
Unknown command.
Unknown command.
You feel better. The ribbon worm bites you.
* * * LOW HITPOINT WARNING * * *
Ijyb hits you with a +0 dagger.
* * * LOW HITPOINT WARNING * * *
😱 HP[-2]
You take 2 damage, and now have 6/31 hp.
Unknown command.
Aiming: Sandblast (safe; 1% risk of failure)
Press: ? - help, Q - select action Shift-Dir - straight line, f/p - Ijyb
Aim: Ijyb, wielding a +0 dagger, wearing a +0 ring mail and carrying a wand of paralysis (almost dead, 81% to hit)
The blast of sand hits Ijyb.
Ijyb closely misses you. The ribbon worm bites you!
You die...

Skill      XL: |  1  2  3  4 |
---------------+-------------+-----
Earth Magic    | 4 |  4.9
Spellcasting   | 3 |  3.1
Conjurations   | 2 |  2.1
Dodging        | |  2.0
Stealth        | |  2.6

Action                     |  1- 3 |  4- 6 || total
---------------------------+-------+-------++-------
  Melee: Unarmed           |     4 |       ||     4
         Constrict         |     3 |       ||     3
         Tentacles         |     1 |       ||     1
   Cast: Sandblast         |    59 |    15 ||    74
         Stone Arrow       |       |     5 ||     5
    Use: Scroll            |     6 |     2 ||     8
         Potion            |     1 |     2 ||     3
 Armour: Skin              |    12 |     8 ||    20
  Dodge: Dodged            |    16 |     6 ||    22

Levels and vault maps discovered:
D:1:      kilobyte_arrival_exit_the_forest, layout_basic,
          ebering_ecumenical_altar_rust, serial_shops,
          nicolae_shop_window_shopping, kennysheep_flooded_box,
          chequers_serial_rivers_small_a
D:2:      layout_basic
D:3:      layout_basic, xom_redecorated, mainiacjoe_overflow_large_starburst,
          uniq_ijyb

Notes
Turn   | Place    | Note
-------+----------+-------------------------------------------
     0 | D:1      | ytrimaz the Octopode Earth Elementalist began the quest for
                  | the Orb.
     0 | D:1      | Reached XP level 1. HP: 11/11 MP: 3/3
     0 | D:1      | magus.rc [v1.9.6]
   171 | D:1      | Found a faded altar of an unknown god.
   281 | D:1      | Found Akhuomm's Distillery.
   335 | D:1      | Reached XP level 2. HP: 17/17 MP: 1/5
   401 | D:1      | Bought a potion of degeneration for 12 gold pieces
   869 | D:1      | You pick up a book of the Hunter and begin reading...
   869 | D:1      | You add the spells Sigil of Binding, Call Canine Familiar
                  | and Dimensional Bullseye to your library.
   988 | D:1      | Reached XP level 3. HP: 15/21 MP: 2/6
   992 | D:1      | Learned a level 3 spell: Stone Arrow
  1546 | D:2      | Reached skill level 4 in Earth Magic
  1808 | D:2      | Gained mutation: You occasionally lose the ability to drink
                  | potions when taking damage. [potion of mutation]
  1808 | D:2      | Gained mutation: You occasionally lose the ability to read
                  | scrolls when taking damage. [potion of mutation]
  1808 | D:2      | Gained mutation: Your system is resistant to poisons.
                  | (rPois) [potion of mutation]
  1988 | D:3      | Reached XP level 4. HP: 27/27 MP: 3/8
  2068 | D:3      | Noticed Ijyb
  2178 | D:3      | Found a shimmering altar of Xom.
  2184 | D:3      | Learned a level 4 spell: Brom's Barrelling Boulder
  2249 | D:3      | Found an ornate altar of the Wu Jian Council.
  2340 | D:3      | Noticed an ogre
  2371 | D:3      | Killed an ogre
  2372 | D:3      | Reached skill level 3 in Spellcasting
  2372 | D:3      | Reached skill level 2 in Conjurations
  2372 | D:3      | Reached XP level 5. HP: 31/31 MP: 2/9
  2470 | D:3      | Paralysed by Ijyb for 3 turns
  2477 | D:3      | Paralysed by Ijyb for 5 turns
  2483 | D:3      | HP: 6/31 [Ijyb/+0 dagger (3)]
  2484 | D:3      | Slain by a ribbon worm

Vanquished Creatures
  An ogre (D:3)
  A gnoll (D:3)
  2 adders
  A ribbon worm (D:3)
  2 dart slugs
  4 endoplasms
  2 giant cockroaches
  5 goblins
  3 hobgoblins
  2 jackals (D:1)
  A quokka (D:1)
  7 ball pythons
  4 bats
  4 frilled lizards
  5 kobolds
  5 rats
49 creatures vanquished.

Table legend:
 A = Non-vault XP
 B = Vault XP
 C = Vault XP percentage of total XP
 D = Non-vault monster count
 E = Vault monster count
 F = Vault count percentage of total count
                 A         B        C        D         E       F
            +---------+---------+-------+---------+---------+-------
      Total |     241 |       0 |   0.0 |      49 |       0 |   0.0
            +---------+---------+-------+---------+---------+-------
        D:1 |      39 |       0 |   0.0 |      22 |       0 |   0.0
        D:2 |      38 |       0 |   0.0 |      18 |       0 |   0.0
        D:3 |     164 |       0 |   0.0 |       9 |       0 |   0.0
            +---------+---------+-------+---------+---------+-------

Skill      XL: |  1  2  3  4 |
---------------+-------------+-----
Earth Magic    | 4 |  4.9
Spellcasting   | 3 |  3.1
Conjurations   | 2 |  2.1
Dodging        | |  2.0
Stealth        | |  2.6

Action                     |  1- 3 |  4- 6 || total
---------------------------+-------+-------++-------
  Melee: Unarmed           |     4 |       ||     4
         Constrict         |     3 |       ||     3
         Tentacles         |     1 |       ||     1
   Cast: Sandblast         |    59 |    15 ||    74
         Stone Arrow       |       |     5 ||     5
    Use: Scroll            |     6 |     2 ||     8
         Potion            |     1 |     2 ||     3
 Armour: Skin              |    12 |     8 ||    20
  Dodge: Dodged            |    16 |     6 ||    22

Illustrated notes

Table legend:
 A = Kills in this place as a percentage of kills in the entire game.
 B = Kills by you in this place as a percentage of kills by you in the entire game.
 C = Kills by friends in this place as a percentage of kills by friends in the entire game.
 D = Other kills in this place as a percentage of other kills in the entire game.
 E = Experience gained in this place as a percentage of experience gained in the entire game.
 F = Experience gained in this place divided by the number of levels of this place that you have seen.
                   A       B       C       D       E      F
               +-------+-------+-------+-------+-------+----------------------
         Total | 100.0 | 100.0 |   N/A |   N/A | 100.0 |  80.3
       Dungeon | 100.0 | 100.0 |   N/A |   N/A | 100.0 |  80.3
               +-------+-------+-------+-------+-------+----------------------

Table legend: (Time is in decaauts)
 A = Elapsed time spent in this place.
 B = Non-inter-level travel time spent in this place.
 C = Inter-level travel time spent in this place.
 D = Time resting spent in this place.
 E = Time spent auto-exploring this place.
 F = Levels seen in this place.
 G = Mean time per level.
                   A        B        C        D        E       F      G
               +--------+--------+--------+--------+--------+-----+--------+
         Total |   2519 |   2494 |     25 |     36 |   2091 |   3 |  839.7 |
       Dungeon |   2519 |   2494 |     25 |     36 |   2091 |   3 |  839.7 |
               +--------+--------+--------+--------+--------+-----+--------+

Top non-repeatable levels by time:
     D:1: 1284 daAuts
     D:2: 710 daAuts
     D:3: 524 daAuts
